 Dungeon Crawl Stone Soup version 0.28-a0-529-g3bad584f25 (webtiles) character file.

Game seed: 17752026008730132470

308 Spaninq the Chopper (level 6, -2/56 HPs)
             Began as a Hill Orc Cinder Acolyte on Sept 24, 2021.
             Was a High Priest of Ignis.
             Slain by Grinder (6 damage)
             ... while paralysed by Grinder
             ... on level 4 of the Dungeon.
             The game lasted 00:06:43 (3612 turns).

Spaninq the Chopper (Hill Orc Cinder Acolyte)       Turns: 3612, Time: 00:06:44

Health: -2/56      AC: 15    Str: 17    XL:     6   Next: 40%
Magic:  7/7        EV:  2    Int: 14    God:    Ignis [*****.]
Gold:   1485       SH:  0    Dex:  8    Spells: 7/7 levels left

rFire   + . .      SeeInvis .   a - +0 hand axe (flame)
rCold   . . .      Faith    .   (no shield)
rNeg    . . .      Spirit   .   c - +0 plate armour
rPois   +          Reflect  .   (no helmet)
rElec   .          Harm     .   (no cloak)
rCorr   .          Rampage  .   (no gloves)
Will    .....                   (no boots)
Stlth   ..........              (no amulet)
HPRegen 0.18/turn               k - +4 ring of protection
MPRegen 0.10/turn               l - ring of poison resistance

@: paralysed
A: no striking features
a: Renounce Religion, Sea of Fire, Foxfire Swarm, Rising Flame


You were on level 4 of the Dungeon.
You worshipped Ignis.
Ignis was extremely pleased with you.
You visited 1 branch of the dungeon, and saw 4 of its levels.

You collected 1485 gold pieces.

Inventory:

Hand Weapons
 a - a +0 hand axe of flaming (weapon)
Missiles
 e - 6 boomerangs (quivered)
Armour
 c - a +0 plate armour (worn)
 o - a +0 tower shield
Jewellery
 k - a +4 ring of protection (left hand)
 l - a ring of poison resistance (right hand)
 q - a ring of resist corrosion
Scrolls
 d - a scroll of identify
 g - a scroll of blinking
Potions
 b - a potion of degeneration {unknown}
 f - a potion of lignification
 i - a potion of might
 n - a potion of curing


   Skills:
 + Level 5.2 Fighting
 * Level 7.1 Axes
 + Level 3.1 Armour
 - Level 1.0 Spellcasting
 - Level 3.2 Fire Magic


You had 7 spell levels left.
You didn't know any spells.
Your spell library contained the following spells:

 Spells                   Type           Power      Damage    Failure   Level
 Scorch                   Fire           18%        2d5       99%         2


Dungeon Overview and Level Annotations

Branches:
Dungeon (4/15)
 Temple: D:4-7

Altars:
Vehumet

Annotations:
D:4 Grinder


Message History

You feel agile.
Found a ring mail.
A hobgoblin comes into view.
The hobgoblin shouts!
A hobgoblin is nearby!
You barely miss the hobgoblin.
You hear the rusting of a very distant drain.
The hobgoblin hits you but does no damage.
You hit the hobgoblin. You burn the hobgoblin.
The hobgoblin is almost dead.
The hobgoblin hits you but does no damage.
You hit the hobgoblin. You burn the hobgoblin.
You kill the hobgoblin!
You see here a hobgoblin corpse.
Found a dark potion.
Found a stone staircase leading down.
b - a dark potion Grinder comes into view.
Grinder shouts!
A giant cockroach comes into view.
Grinder hits you!
There is a stone staircase leading down, spattered with blood here.
You hit Grinder. You burn Grinder.
Grinder is lightly wounded.
Grinder hits you but does no damage.
Your plate armour prevents you from hitting Grinder.
Grinder is lightly wounded.
Grinder hits you.
* * * LOW HITPOINT WARNING * * *
You writhe in agony.
* * * LOW HITPOINT WARNING * * *
Unknown command.
Grinder gestures at you.
You suddenly lose the ability to move!
The giant cockroach bites you but does no damage.
The giant cockroach bites you but does no damage.
Grinder hits you!
* * * LOW HITPOINT WARNING * * *
You writhe in agony.
You die...

#..# #..# #..# #...
#..# #..# .# #.B#
.# #5@########.#
#>..........#
#.......##..#
#.....#.##..######
#.###.#.#........
#...........##..
#.##.......###[#
#.##..####.###.####
#.##..# #..†......


You could see Grinder and a giant cockroach.

Vanquished Creatures
  A black bear (D:3)
  A necrophage (D:4)
  An orc wizard (D:4)
  2 gnolls (D:1)
  An adder (D:2)
  4 worms (D:2)
  8 orcs
  6 bats
  8 endoplasms
  2 giant cockroaches
  5 goblins
  4 hobgoblins
  4 quokkas
  8 ball pythons
  A frilled lizard (D:1)
  3 kobolds
  3 rats
62 creatures vanquished.

Notes
Turn   | Place    | Note
-------+----------+-------------------------------------------
     0 | D:1      | Spaninq the Hill Orc Cinder Acolyte began the quest for the
                  | Orb.
     0 | D:1      | Reached XP level 1. HP: 19/19 MP: 2/2
   348 | D:1      | Reached XP level 2. HP: 27/27 MP: 3/3
   367 | D:1      | Found a faded altar of an unknown god.
   526 | D:1      | Reached skill level 1 in Armour
   667 | D:1      | Reached XP level 3. HP: 30/33 MP: 4/4
   774 | D:1      | Reached skill level 5 in Axes
  1319 | D:2      | Found a radiant altar of Vehumet.
  1336 | D:2      | Reached XP level 4. HP: 27/40 MP: 5/5
  3377 | D:4      | Noticed a black bear
  3390 | D:3      | Killed a black bear
  3391 | D:3      | Reached skill level 6 in Axes
  3391 | D:3      | Reached XP level 5. HP: 32/47 MP: 6/6
  3469 | D:4      | Identified a scroll of acquirement
  3469 | D:4      | Acquired 1344 gold pieces
  3560 | D:4      | Noticed a necrophage
  3580 | D:4      | Killed a necrophage
  3581 | D:4      | Reached skill level 5 in Fighting
  3581 | D:4      | Reached skill level 7 in Axes
  3581 | D:4      | Reached XP level 6. HP: 19/56 MP: 7/7
  3605 | D:4      | Noticed Grinder
  3611 | D:4      | Paralysed by Grinder for 6 turns
  3612 | D:4      | Slain by Grinder

Illustrated notes

Levels and vault maps discovered:
D:1:      scummos_arrival_hexagon, layout_basic,
          dreamdust_ecumenical_altar_statues
D:2:      layout_loops_corners, basic_altar
D:3:      layout_basic
D:4:      layout_loops_ring, nicolae_gozag_seed_capital, gup_sewer_entry_pipe,
          uniq_ijyb, uniq_grinder, uniq_blork_the_orc

Skill      XL: |  1  2  3  4  5 |
---------------+----------------+-----
Fighting       | 4 5 |  5.2
Armour         | 1 2 3 |  3.1
Axes           | 5 6 7 |  7.1
Spellcasting   | |  1.0
Fire Magic     | |  3.2

Action                   |  1- 3 |  4- 6 || total
-------------------------+-------+-------++-------
Melee: Hand axe          |    92 |   192 ||   284
  Use: Scroll            |       |     8 ||     8
       Potion            |       |     1 ||     1
Armor: Plate armour      |    61 |   122 ||   183
Dodge: Dodged            |    15 |    31 ||    46

Table legend: (Time is in decaauts)
 A = Elapsed time spent in this place.
 B = Non-inter-level travel time spent in this place.
 C = Inter-level travel time spent in this place.
 D = Time resting spent in this place.
 E = Time spent auto-exploring this place.
 F = Levels seen in this place.
 G = Mean time per level.
                   A        B        C        D        E       F      G
               +--------+--------+--------+--------+--------+-----+--------+
         Total |   3619 |   3494 |    125 |      0 |   2850 |   4 |  904.8 |
       Dungeon |   3619 |   3494 |    125 |      0 |   2850 |   4 |  904.8 |
               +--------+--------+--------+--------+--------+-----+--------+

Top non-repeatable levels by time:
     D:2: 1530 daAuts
     D:1: 1100 daAuts
     D:3: 778 daAuts
     D:4: 209 daAuts
